 Dungeon Crawl Stone Soup version 0.21.1-1-g345015f (webtiles) character file.

476 YannSP the Shield-Bearer (level 6, -1/56 HPs)
             Began as a Minotaur Fighter on June 13, 2018.
             Killed by divine providence
             ... invoked by an orc priest
              (13 damage)
             ... on level 5 of the Dungeon on June 14, 2018.
             The game lasted 00:14:43 (2815 turns).

YannSP the Shield-Bearer (Minotaur Fighter)         Turns: 2815, Time: 00:14:44

Health: -1/56      AC:  8    Str: 22    XL:     6   Next: 85%
Magic:  5/5        EV:  8    Int:  5    God:
Gold:   249        SH: 10    Dex: 10    Spells: 5/5 levels left

rFire    . . .     SeeInvis .   p - +1 spear (venom)
rCold    . . .     Gourm    .   c - +0 shield
rNeg     . . .     Faith    .   b - +0 scale mail
rPois    .         Spirit   .   (helmet restricted)
rElec    .         Reflect  .   (no cloak)
rCorr    .         Harm     .   v - +0 pair of gloves
MR       .....                  (no boots)
Stlth    ..........             (no amulet)
HPRegen  0.18/turn              (no ring)
MPRegen  0.09/turn              (no ring)

@: no status effects
A: retaliatory headbutt, horns 2
a: no special abilities


You were on level 5 of the Dungeon.
You were not hungry.

You visited 1 branch of the dungeon, and saw 5 of its levels.

You collected 249 gold pieces.

Inventory:

Hand Weapons
 a - a +0 long sword
 p - a +1 spear of venom (weapon)
 q - a +0 vampiric short sword
 t - a +0 blowgun
Missiles
 e - 6 curare-tipped needles
 u - 27 poisoned needles (quivered)
Armour
 b - a +0 scale mail (worn)
 c - a +0 shield (worn)
 v - a +0 pair of gloves (worn)
Jewellery
 n - an uncursed amulet of regeneration {unknown}
Scrolls
 i - 4 scrolls of identify {unknown}
 j - 3 scrolls of remove curse {unknown}
 m - a scroll of enchant armour {unknown}
 s - 5 scrolls of noise {unknown}
 w - 4 scrolls of teleportation {unknown}
 y - a scroll of amnesia {unknown}
 z - a scroll of immolation {unknown}
Potions
 d - 2 potions of might
 g - 2 potions of haste {unknown}
 h - a potion of flight {unknown}
 k - 4 potions of curing {unknown}
 l - a potion of resistance {unknown}
 o - 2 potions of heal wounds {unknown}
 r - a potion of agility {unknown}
 x - 2 potions of mutation {unknown}
Comestibles
 f - 11 rations


   Skills:
 + Level 5.0 Fighting
 + Level 3.3 Long Blades
 + Level 3.9 Polearms
 + Level 5.3 Armour
 - Level 0.7 Dodging
 - Level 0.1 Stealth
 + Level 5.8 Shields


You had 5 spell levels left.
You didn't know any spells.

Dungeon Overview and Level Annotations

Branches:
Dungeon (5/15)
 Temple: D:4-7

Altars:
Cheibriados

Shops:
D:4 (


Innate Abilities, Weirdness & Mutations

You reflexively headbutt those who attack you in melee.
You have a pair of horns on your head.


Message History

You hit the orc but do no damage.
The orc is poisoned.
You headbutt the orc, but do no damage.
The orc priest looks satisfied for a moment.
You block the orc's attack.
You closely miss the orc.
The orc priest hits you but does no damage.
You hit the orc but do no damage.
The orc looks as sick as possible!
The orc hits you but does no damage.
The orc priest casts a cantrip, but nothing happens.
You hit the orc.
You kill the orc!
The orc priest mumbles some strange prayers to Beogh against you.
Pain shoots through your body!
* * * LOW HITPOINT WARNING * * *
You hit the orc priest but do no damage.
You headbutt the orc priest.
The orc priest is lightly wounded.
The orc priest mumbles some strange prayers to Beogh against you.
Beogh smites you!
You die...

#...... #.....#
#.....# #.....# ......
#... ##o###### #..
#)@)....+ #..
#....<..# ..
#..###....### ...
#..###....###.##.# #..
#.......^.........
#..##.................
......................
......................
##+##.................


You could see an orc priest.

Vanquished Creatures
  An orc priest (D:5)
  2 centaur skeletons (D:4)
  4 orc wizards
  4 worker ants (D:4)
  9 adders
  4 oozes
  3 worms
  A leopard gecko (D:2)
  6 orcs
  2 giant cockroaches (D:3)
  10 goblins
  7 hobgoblins
  7 jackals
  5 quokkas
  2 ball pythons
  3 bats
  7 frilled lizards
  7 kobolds
  7 rats
91 creatures vanquished.

Notes
Turn   | Place    | Note
-------+----------+-------------------------------------------
     0 | D:1      | YannSP the Minotaur Fighter began the quest for the Orb.
     0 | D:1      | Reached XP level 1. HP: 19/19 MP: 0/0
   312 | D:1      | Reached XP level 2. HP: 26/27 MP: 1/1
  1089 | D:2      | Reached skill level 1 in Polearms
  1089 | D:2      | Reached XP level 3. HP: 29/33 MP: 2/2
  1468 | D:2      | Reached XP level 4. HP: 40/40 MP: 3/3
  1861 | D:3      | Reached skill level 5 in Shields
  1861 | D:3      | Reached XP level 5. HP: 44/47 MP: 4/4
  2262 | D:4      | Found a snail-covered altar of Cheibriados.
  2374 | D:4      | Reached XP level 6. HP: 40/53 MP: 5/5
  2396 | D:4      | Reached skill level 5 in Armour
  2468 | D:4      | Found Cudonair's Antique Weapon Boutique.
  2757 | D:5      | Entered Level 5 of the Dungeon
  2804 | D:5      | Reached skill level 5 in Fighting
  2815 | D:5      | Killed from afar by an orc priest

Skill      XL: |  1  2  3  4  5  6 |
---------------+-------------------+-----
Shields        | 4 5 |  5.8
Polearms       | 1 2 3 |  3.9
Armour         | 4 5 |  5.3
Fighting       | 4 5 |  5.0
Long Blades    | 3 |  3.3
Dodging        | |  0.7
Stealth        | |  0.1

Action                   |  1- 3 |  4- 6 || total
-------------------------+-------+-------++-------
Melee: Long sword        |    34 |       ||    34
       Headbutt          |     8 |    28 ||    36
       Spear             |    56 |   139 ||   195
  Eat: Chunk             |     2 |     4 ||     6
Armor: Scale mail        |    29 |    45 ||    74
Dodge: Dodged            |    22 |    40 ||    62
Block: Shield            |    43 |    55 ||    98
       Rpst.: Long sword |     2 |       ||     2
